 Dungeon Crawl Stone Soup version 0.22.1-6-g1668fe2c40 (webtiles) character file.

457 Jakon the Covered (level 7, -1/44 HPs)
             Began as a Gargoyle Fighter on Jan 18, 2019.
             Killed from afar by an orc wizard (7 damage)
             ... with a puff of frost
             ... on level 3 of the Dungeon.
             The game lasted 00:22:48 (4443 turns).

Jakon the Covered (Gargoyle Fighter)                Turns: 4443, Time: 00:22:48

Health: -1/44      AC: 19    Str: 19    XL:     7   Next: 6%
Magic:  7/7        EV:  4    Int: 10    God:
Gold:   224        SH:  9    Dex: 10    Spells: 6/6 levels left

rFire    . . .     SeeInvis .   a - +0 war axe
rCold    . . .     Gourm    .   c - +0 shield
rNeg     + . .     Faith    .   s - +0 plate armour
rPois    ∞         Spirit   .   t - +0 helmet
rElec    +         Reflect  .   n - +0 cloak
rCorr    .         Harm     .   (no gloves)
MR       .....                  (no boots)
Stlth    ..........             (no amulet)
HPRegen  0.14/turn              r - ring of stealth
MPRegen  0.10/turn              (no ring)

@: no status effects
A: negative energy resistance 1, electricity resistance, unbreathing,
petrification resistance, rot immunity, AC +4
a: no special abilities


You were on level 3 of the Dungeon.
You were not hungry.

You visited 1 branch of the dungeon, and saw 4 of its levels.

You collected 224 gold pieces.

Inventory:

Hand Weapons
 a - a +0 war axe (weapon)
Armour
 b - a +1 scale mail
 c - a +0 shield (worn)
 i - a scarf of cloud immunity
 n - a +0 cloak (worn)
 s - a +0 plate armour (worn)
 t - a +0 helmet (worn)
Jewellery
 r - a ring of stealth (left hand)
Wands
 h - a wand of random effects (26)
 j - a wand of flame (21)
Scrolls
 d - 2 scrolls of enchant weapon {unknown}
 e - a scroll of enchant armour
 g - a scroll of random uselessness {unknown}
 k - a scroll of fear {unknown}
 l - a scroll of remove curse {unknown}
 m - 2 scrolls of identify
 o - a scroll of blinking {unknown}
 q - a scroll of amnesia {unknown}
Potions
 u - 2 potions of curing {unknown}
 v - a potion of agility {unknown}
Comestibles
 f - 4 rations


   Skills:
 + Level 5.0 Fighting
 + Level 3.6 Axes
 + Level 5.1 Armour
 + Level 5.0 Shields


You had 6 spell levels left.
You didn't know any spells.
Your spell library was empty.

Dungeon Overview and Level Annotations

Branches:
Dungeon (4/15)
 Temple: D:4-7

Altars:
Trog


Innate Abilities, Weirdness & Mutations

You are resistant to torment.
Your stone body is resilient. (AC +4)
You are immune to poison.
You resist negative energy. (rN+)
You are resistant to electric shocks. (rElec)
You can survive without breathing.
You are immune to petrification.
You are immune to rotting.


Message History

* * * LOW HITPOINT WARNING * * *
Evoke which item? (* to show all) (? for menu, Esc to quit)
Aiming: Throw Flame
Press: ? - help, Shift-Dir - straight line, f - orc wizard
Aim: an orc wizard, wielding a dagger of venom and wearing a robe (heavily The puff of flame hits the orc wizard.
The orc wizard is heavily wounded.
The orc wizard hits you but does no damage.
Evoke which item? (* to show all) (? for menu, Esc to quit)
Okay, then.
Evoke which item? (* to show all) (? for menu, Esc to quit)
Aiming: Throw Flame
Press: ? - help, Shift-Dir - straight line, f/p - orc wizard
Aim: an orc wizard, wielding a dagger of venom and wearing a robe (heavily The puff of flame hits the orc wizard.
The orc wizard is almost dead.
The orc wizard hits you but does no damage.
The orc wizard points at you and mumbles some strange words.
The puff of frost hits you!
You die...

#.##.....................###
#.#####.####.....##...≈≈.≈≈#
#.#####.# ##.....###.≈≈≈≈≈≈≈
#.##.##.# #........≈≈≈≈≈≈≈≈≈
#.##.##'###.###..#≈≈≈≈##≈≈≈≈
####.##......#.###.#.≈≈≈≈≈≈≈≈≈≈
#....)'............#≈≈≈≈≈≈≈≈##≈
#######........o...≈≈###≈≈≈≈≈≈≈
#.......@....≈≈≈...≈...≈≈
#......#..##..≈≈.....<...
#########..###≈≈≈≈.≈≈...≈≈
#..........# #≈≈≈≈≈≈≈#≈≈≈≈
#.#######..# ##≈≈≈#≈≈≈≈≈≈# #.#
#...# ##.≈≈≈≈≈≈≈≈≈≈
#.######..####.#≈≈≈≈≈≈≈≈≈≈
#................≈≈≈≈≈≈≈≈≈
########..####.#.#.≈≈≈≈≈≈≈


You could see an orc wizard.

Vanquished Creatures
  Sigmund (D:2)
  Natasha (thrice) (D:1)
  8 adders (D:2)
  3 gnolls (D:2)
  6 worms
  14 dart slugs
  A leopard gecko (D:2)
  An orc (D:4)
  A ball python (D:2)
  11 bats
  6 giant cockroaches
  5 goblins
  6 hobgoblins
  5 jackals
  2 quokkas
  3 frilled lizards
  5 kobolds
  7 rats
88 creatures vanquished.

Vanquished Creatures (others)
  A wizard (D:3)
1 creature vanquished.

Grand Total: 89 creatures vanquished

Notes
Turn   | Place    | Note
-------+----------+-------------------------------------------
     0 | D:1      | Jakon the Gargoyle Fighter began the quest for the Orb.
     0 | D:1      | Reached XP level 1. HP: 14/14 MP: 1/1
   205 | D:1      | Reached XP level 2. HP: 18/19 MP: 2/2
   719 | D:2      | Reached XP level 3. HP: 20/23 MP: 3/3
   820 | D:2      | Noticed Sigmund
  1037 | D:2      | Noticed Natasha
  1093 | D:1      | Killed Natasha
  1093 | D:1      | Reached XP level 4. HP: 29/29 MP: 4/4
  1527 | D:2      | Reached XP level 5. HP: 31/33 MP: 5/5
  1904 | D:1      | Noticed Natasha
  2505 | D:1      | Killed Natasha
  2553 | D:1      | Noticed Natasha
  2570 | D:1      | Killed Natasha
  2570 | D:1      | Reached XP level 6. HP: 28/39 MP: 6/6
  3010 | D:2      | Killed Sigmund
  3010 | D:2      | Reached skill level 5 in Armour
  3079 | D:2      | Reached skill level 5 in Shields
  3358 | D:3      | Reached skill level 5 in Fighting
  3523 | D:3      | Reached XP level 7. HP: 44/44 MP: 7/7
  3919 | D:3      | Found a bloodstained altar of Trog.
  3921 | D:3      | Noticed a wizard
  3926 | D:3      | Killed a wizard
  4443 | D:3      | Killed from afar by an orc wizard

Skill      XL: |  1  2  3  4  5  6 |
---------------+-------------------+-----
Axes           | 2 3 |  3.6
Shields        | 4 5 |  5.0
Armour         | 4 5 |  5.1
Fighting       | 4 5 |  5.0

Action                   |  1- 3 |  4- 6 |  7- 9 || total
-------------------------+-------+-------+-------++-------
Melee: War axe           |    87 |   211 |    77 ||   375
Evoke: Wand              |       |    12 |     2 ||    14
  Use: Potion            |     1 |     3 |       ||     4
       Scroll            |       |     2 |       ||     2
 Stab: Invisible         |       |     1 |       ||     1
  Eat: Ration            |     1 |     1 |     1 ||     3
       Chunk             |       |     2 |     2 ||     4
Armor: Scale mail        |    65 |   146 |     3 ||   214
       Skin              |       |     4 |       ||     4
       Plate armour      |       |       |    63 ||    63
Dodge: Dodged            |    44 |    86 |    15 ||   145
Block: Shield            |    48 |   114 |    47 ||   209
